Map: King of Braxis Station

Players

MrFercho - Winner!

  • Race: Terran Terran
  • Spawn Location: 5:00

tigro

  • Race: Terran Terran
  • Spawn Location: 1:00

IA (Difícil)

  • Race: Terran Terran
  • Spawn Location: 12:00

IA (Difícil)

  • Race: Protoss Protoss
  • Spawn Location: 9:00

ARES

  • Race: Protoss Protoss
  • Spawn Location: 3:00

JimRain

  • Race: Zerg Zerg
  • Spawn Location: 11:00

VOD

Have the link to the VOD?

Description

Time

  • Played on: March 23, 2020, 10:16 p.m.
  • Length: 31:37
Show
View Real Time Build Order
Export as new Build Order

MrFercho Terran - Winner!

Build Orders:  

Get SALT Encoding   

  12  0:03  SCV  
  13  0:22  Supply Depot  
  13  0:31  Refinery  
  13  0:32  SCV  
  14  0:44  SCV  
  14  0:45  Engineering Bay  
  15  0:52  Refinery  
  15  1:08  Barracks  
  15  1:16  SCV  
  16  1:27  Missile Turret  
  16  1:28  SCV  
  17  1:52  SCV  
  18  2:04  SCV  
  18  2:07  Supply Depot  
  19  2:16  SCV  
  20  2:28  SCV  
  21  2:38  Barracks Tech Lab  
  21  2:40  SCV  
  22  2:52  SCV, Missile Turret  
  23  3:02  Marauder, Factory  
  23  3:05  SCV  
  26  3:15  Missile Turret  
  26  3:17  Orbital Command  
  26  3:24  Marauder  
  28  3:41  Terran Infantry Weapons Level 1  
  28  3:45  Marine  
  29  3:59  Supply Depot  
  29  4:08  Supply Depot  
  29  4:10  Supply Depot  
  29  4:12  Factory Tech Lab  
  29  4:32  Starport  
  29  4:33  Starport  
  29  4:37  Starport  
  32  4:38  Cyclone  
  32  4:53  SCV  
  32  4:54  Armory  
  33  5:05  SCV  
  34  5:17  SCV  
  35  5:30  SCV  
  36  5:37  Starport Tech Lab x3  
  36  5:41  Armory  
  36  5:53  Fusion Core  
  36  5:57  Fusion Core  
  36  6:39  Command Center  
  35  7:26  Battlecruiser x2  
  47  7:53  Weapon Refit  
  47  8:38  Battlecruiser  
  53  9:02  Supply Depot  
  53  9:03  Supply Depot  
  53  9:09  Supply Depot  
  45  9:28  Supply Depot  
  45  9:54  Terran Vehicle Weapons Level 1  
  45  9:57  Terran Ship Weapons Level 1  
  45  10:10  Battlecruiser  
  51  10:45  Marine  
  52  11:02  Marine  
  53  11:16  Battlecruiser  
  59  11:20  Marine  
  60  11:38  Marine  
  61  11:56  Marine  
  61  11:58  Command Center  
  62  12:26  SCV  
  63  12:38  SCV  
  63  12:41  Supply Depot  
  63  12:43  Supply Depot x2  
  63  12:44  Supply Depot  
  64  12:47  Battlecruiser  
  64  12:51  SCV  
  71  12:55  Refinery  
  71  13:03  SCV  
  72  13:11  Refinery  
  72  13:15  SCV  
  73  13:31  SCV  
  74  13:43  SCV  
  75  13:55  Battlecruiser x2, SCV  
  88  14:08  SCV  
  89  14:20  SCV  
  90  14:56  SCV  
  91  15:05  SCV  
  92  15:08  SCV  
  93  15:15  Battlecruiser x2  
  93  15:17  SCV  
  93  15:20  SCV  
  107  15:26  Battlecruiser  
  113  15:29  SCV  
  113  15:32  SCV  
  115  15:35  Terran Vehicle And Ship Armor Level 1  
  115  15:41  SCV  
  116  15:44  SCV  
  117  15:53  SCV  
  118  16:26  Command Center  
  118  17:06  Battlecruiser x2  
  130  17:15  SCV x2  
  132  17:27  SCV x2  
  134  17:38  Battlecruiser  
  134  17:39  SCV x2  
  142  17:51  SCV x2  
  144  18:03  SCV x2  
  146  18:18  Battlecruiser x2  
  158  18:27  Refinery  
  158  18:44  Supply Depot  
  158  18:46  Supply Depot  
  158  18:47  Supply Depot  
  158  18:49  Supply Depot  
  158  18:52  Battlecruiser  
  158  18:53  Refinery  
  164  19:13  Orbital Command  
  164  19:17  Orbital Command  
  164  19:22  Battlecruiser  
  170  19:48  Battlecruiser  
  176  19:57  Battlecruiser  
  164  22:10  Battlecruiser x3  
  162  23:14  Battlecruiser x3  
  180  24:18  Battlecruiser  
  186  24:51  Battlecruiser  
  186  25:09  Battlecruiser  
  162  25:23  Battlecruiser  
  138  25:56  Battlecruiser  
  144  26:13  Battlecruiser  
  150  26:27  Battlecruiser  
  156  27:00  Battlecruiser  
  157  27:18  Battlecruiser  
  163  27:31  Battlecruiser  
Show
View Real Time Build Order
Export as new Build Order

tigro Terran 

Build Orders:  

Get SALT Encoding   

  12  0:05  SCV  
  13  0:19  SCV  
  14  0:29  Supply Depot  
  14  0:33  Refinery  
  14  0:38  SCV  
  14  0:39  Refinery  
  15  0:50  SCV  
  16  1:05  SCV  
  16  1:06  Barracks  
  17  1:17  SCV  
  18  1:26  Supply Depot  
  18  1:29  SCV  
  19  1:42  SCV  
  20  1:51  Engineering Bay  
  20  1:54  SCV  
  21  1:57  Marine  
  22  2:06  SCV  
  23  2:15  Marine  
  24  2:18  Barracks  
  24  2:33  Marine  
  25  2:51  Marine  
  26  2:54  Factory  
  26  3:08  Marine, Barracks Tech Lab  
  26  3:11  Missile Turret  
  27  3:15  Terran Infantry Weapons Level 1  
  27  3:28  Combat Shield  
  27  3:44  Barracks Tech Lab  
  27  3:47  Marauder  
  29  3:53  Orbital Command  
  29  3:59  Factory Tech Lab  
  29  4:05  Concussive Shells  
  29  4:10  Marine  
  29  4:12  Marine  
  31  4:22  Barracks  
  31  4:40  Infernal Pre-Igniter  
  31  4:46  Stimpack  
  31  4:47  Missile Turret  
  31  5:09  Terran Infantry Armor Level 1  
  31  5:59  Mag-Field Accelerator  
  31  7:03  Neosteel Armor  
  31  8:43  Hi-Sec Auto Tracking  
Show
View Real Time Build Order
Export as new Build Order

IA (Difícil) Terran 

Build Orders:  

Get SALT Encoding   

  12  0:01  SCV  
  13  0:13  SCV  
  14  0:19  Supply Depot  
  14  0:25  SCV  
  15  0:40  SCV  
  16  0:45  Barracks  
  16  0:47  Refinery  
  16  0:52  SCV  
  17  1:04  SCV  
  18  1:17  SCV  
  19  1:18  Supply Depot  
  19  1:29  SCV  
  20  1:33  Marine  
  20  1:38  Barracks  
  21  1:42  Orbital Command  
  21  1:47  Refinery  
  21  1:52  Barracks Tech Lab  
  21  2:07  Supply Depot  
  21  2:10  Marauder  
  23  2:24  Marine  
  24  2:33  Marine  
  25  2:39  Supply Depot  
  25  2:42  Marine  
  26  2:51  Marine  
  27  3:00  Marine  
  28  3:09  Marine  
  29  3:14  SCV, Supply Depot  
  29  3:18  Marine  
  31  3:26  SCV  
  34  3:27  Marauder  
  34  3:31  Engineering Bay  
  34  3:36  Marine  
  34  3:38  SCV  
  36  3:48  Marine  
  37  3:50  SCV  
  37  3:53  Marine  
  39  4:02  SCV  
  39  4:06  Marine  
  41  4:15  SCV  
  44  4:24  Marauder  
  46  4:45  Marauder  
  48  5:07  Marauder  
  48  6:21  Barracks Tech Lab  
  48  6:22  SCV, Stimpack  
  48  6:23  Terran Infantry Weapons Level 1, Marauder  
  48  6:25  Factory  
  51  6:31  Factory  
  51  6:34  SCV, Ghost Academy  
  51  6:38  Supply Depot  
  51  6:39  Combat Shield  
  52  6:40  Missile Turret  
  52  6:41  Missile Turret  
  52  6:48  Barracks  
  52  7:05  Bunker, Marauder  
  52  7:09  Factory Tech Lab  
  52  7:10  Ghost  
  52  7:11  SCV  
  51  7:16  Supply Depot  
  47  7:23  SCV  
  47  7:28  Marauder  
  47  7:29  Factory Tech Lab  
  41  7:35  SCV  
  38  7:39  Marine  
  31  7:47  SCV  
  31  7:49  Marine  
  27  7:57  Marine  
  27  7:58  Concussive Shells  
  27  7:59  SCV  
  27  8:00  Starport  
  28  8:07  Marine  
  28  8:09  Starport, Marine  
  28  8:11  SCV  
  31  8:16  Marauder  
  31  8:17  Terran Infantry Armor Level 1  
  33  8:23  SCV  
  33  8:25  Marauder  
  36  8:28  Marine  
  37  8:35  SCV  
  37  8:37  Marauder  
  37  8:38  Starport Tech Lab  
  40  8:45  Starport Tech Lab  
  40  8:46  Ghost  
  40  8:47  SCV  
  43  8:56  Raven  
  43  9:00  SCV  
  43  9:02  Marine  
  46  9:09  Raven, Marine  
  47  9:12  SCV  
  47  9:15  Marine  
  49  9:24  SCV  
  50  9:36  SCV, Sensor Tower  
  51  9:48  SCV  
  52  9:56  Armory  
  52  9:59  Barracks Reactor  
  52  10:00  SCV  
  53  10:12  SCV  
  53  10:24  SCV  
  54  10:31  Viking  
  54  10:32  Medivac  
  58  10:36  SCV, Marine  
  58  10:41  Marine  
  58  10:42  Supply Depot  
  61  10:46  Marine  
  61  10:48  SCV  
  63  10:51  Marine  
  64  11:01  Medivac  
  66  11:04  Marine  
  66  11:09  Marine  
  57  11:14  Marine  
  51  11:19  Marine  
  51  11:24  Marine  
  53  11:29  Marine  
  54  11:34  Marine  
  54  11:39  Marine  
  48  11:44  Marine  
  49  11:49  Marine  
  48  11:54  Marine  
  49  12:02  Ghost  
  49  12:04  Marine  
  52  12:10  Marauder  
  52  12:13  Raven  
  56  12:26  SCV  
  57  12:31  Marauder x2  
  57  12:33  Medivac  
  63  12:38  SCV  
  64  12:53  Marauder  
  66  13:09  Raven  
  68  13:15  Marauder  
  68  13:16  Engineering Bay  
  70  13:20  Marauder  
  70  13:21  Supply Depot  
  72  13:36  Marauder  
  74  13:41  Marauder  
  76  13:57  Ghost  
  76  14:02  Supply Depot  
  78  14:04  Viking  
  80  14:36  Terran Infantry Weapons Level 2  
  80  15:09  Terran Infantry Armor Level 2  
  80  15:33  Siege Tank  
  77  15:36  Marine  
  77  15:39  Marine  
  73  15:43  Widow Mine  
  71  16:05  Liberator  
  71  16:10  Marauder  
  74  16:12  Marine  
  74  16:15  Marine  
  73  16:18  Marine  
  74  16:31  Marauder  
  76  16:38  Siege Tank  
  79  16:42  Widow Mine  
  81  17:08  Liberator  
  84  18:11  Fusion Core  
  84  18:14  Supply Depot  
  84  18:43  Marine  
  84  18:50  Viking  
  84  18:54  Supply Depot  
  86  18:59  Battlecruiser  
  89  19:31  Thor  
  89  19:34  SCV  
  71  19:50  Missile Turret  
  71  19:51  Hellion  
  43  20:35  Missile Turret  
  34  22:35  Barracks Tech Lab  
Show
View Real Time Build Order
Export as new Build Order

IA (Difícil) Protoss 

Build Orders:  

Get SALT Encoding   

  12  0:01  Probe  
  13  0:13  Probe  
  14  0:21  Pylon  
  14  0:25  Probe  
  15  0:35  Probe  
  16  0:43  Probe  
  16  0:46  Assimilator  
  17  0:50  Gateway  
  17  0:52  Probe  
  18  0:58  Pylon  
  18  1:00  Probe  
  19  1:17  Probe  
  20  1:36  Zealot  
  20  1:38  Gateway  
  20  1:39  Cybernetics Core  
  22  1:41  Assimilator  
  22  1:56  Zealot  
  22  1:57  Pylon  
  24  2:18  Warp Gate  
  24  2:21  Zealot  
  26  2:32  Zealot  
  26  2:36  Pylon  
  28  2:46  Zealot  
  30  2:59  Zealot  
  30  3:05  Stalker  
  34  3:20  Pylon  
  34  3:26  Probe, Stalker  
  37  3:36  Stalker  
  37  3:38  Probe  
  40  3:47  Forge  
  40  3:50  Probe  
  41  3:56  Adept  
  41  4:02  Probe  
  44  4:10  Probe  
  44  4:12  Pylon  
  44  4:14  Stalker  
  47  4:18  Probe  
  48  4:33  Adept  
  50  6:25  Probe  
  50  6:28  Sentry, Protoss Ground Weapons Level 1  
  50  6:32  Gateway  
  53  6:33  Probe  
  53  6:34  Robotics Facility  
  53  6:36  Pylon  
  53  6:38  Stalker, Photon Cannon  
  56  6:40  Photon Cannon  
  56  6:44  Stargate  
  56  6:47  Twilight Council  
  56  6:48  Stalker  
  56  6:50  Forge  
  58  6:57  Probe  
  58  7:01  Sentry  
  60  7:15  Blink  
  60  7:16  Observer  
  60  7:22  Protoss Ground Armor Level 1  
  61  7:34  Observer  
  61  7:39  Stalker  
  56  7:49  Zealot  
  42  7:59  Stalker  
  44  8:09  Zealot  
  46  8:19  Zealot  
  48  8:29  Zealot  
  50  8:39  Adept  
  52  8:49  Adept  
  54  8:59  Stalker  
  56  9:09  Stalker  
  58  10:41  Protoss Ground Weapons Level 2  
  58  10:47  Immortal  
  58  11:03  Gateway  
  62  11:08  Phoenix, Robotics Facility  
  56  11:12  Stargate  
  56  11:16  Pylon  
  42  11:18  Zealot  
  42  11:23  Robotics Bay  
  37  11:27  Observer  
  36  11:33  Phoenix  
  36  11:39  Stalker  
  34  11:48  Observer  
  34  11:49  Stalker  
  37  11:54  Warp Prism  
  37  11:59  Zealot  
  39  12:09  Warp Prism, Stalker  
  43  12:19  Stalker  
  45  12:29  Stalker  
  47  12:30  Warp Prism  
  49  12:39  Sentry  
  51  12:49  Immortal  
  55  12:59  Phoenix  
  57  13:08  Immortal  
  61  13:28  Disruptor  
  64  13:36  Pylon  
  64  13:38  Disruptor  
  64  13:41  Fleet Beacon  
  67  14:19  Tempest  
  67  14:29  Protoss Ground Armor Level 2  
  72  15:08  Zealot  
  72  15:13  Templar Archives  
  74  15:14  Zealot  
  74  15:16  Pylon  
  74  15:19  Zealot  
  78  15:31  Zealot  
  44  15:51  High Templar  
  45  16:01  Zealot  
  39  16:05  Zealot  
  39  16:09  Zealot  
  41  16:14  Stalker  
  41  16:20  Photon Cannon  
  41  16:22  Zealot  
  36  16:26  Probe  
  36  16:27  High Templar  
  36  16:32  Zealot  
  32  16:38  Zealot  
  32  16:39  Probe  
  24  16:40  Photon Cannon  
  24  16:43  Zealot  
  24  16:52  Zealot  
  18  16:59  Zealot  
  15  17:03  Zealot  
  13  17:11  Photon Cannon  
  13  17:12  Zealot  
  11  17:19  Zealot  
  7  17:32  Zealot  
  7  17:42  Photon Cannon  
  5  18:00  Pylon  
  5  18:06  Pylon  
  4  18:52  Pylon  
  4  18:56  Pylon  
  3  19:22  Pylon  
  3  19:29  Pylon  
  3  19:37  Pylon  
  3  19:43  Nexus  
  3  19:47  Pylon  
Show
View Real Time Build Order
Export as new Build Order

ARES Protoss 

Build Orders:  

Get SALT Encoding   

  12  0:17  Probe  
  13  0:29  Probe  
  14  0:41  Probe  
  14  0:42  Pylon  
  15  0:43  Assimilator  
  15  0:46  Assimilator  
  15  1:00  Probe  
  16  1:11  Gateway  
  16  1:12  Probe  
  16  1:18  Gateway  
  17  1:24  Probe  
  18  1:36  Probe  
  19  1:48  Probe  
  20  2:01  Probe  
  21  2:08  Gateway  
  21  2:13  Probe  
  21  2:14  Pylon  
  22  2:19  Forge  
  22  2:25  Probe  
  23  2:32  Cybernetics Core  
  23  2:37  Probe, Gateway  
  24  2:45  Gateway  
  24  2:53  Gateway  
  24  3:05  Probe  
  25  3:17  Probe, Zealot  
  25  3:18  Zealot  
  25  3:19  Pylon  
  30  3:29  Probe  
  31  3:37  Zealot x2  
  35  3:41  Probe, Zealot  
  38  3:53  Probe  
  39  4:00  Pylon  
  39  4:18  Zealot x2  
  43  4:33  Protoss Ground Weapons Level 1  
  43  4:41  Stargate  
  43  4:49  Protoss Air Weapons Level 1  
  43  4:51  Pylon  
  43  5:02  Pylon  
  43  5:04  Probe  
  44  5:15  Photon Cannon  
  44  5:16  Probe, Photon Cannon  
  45  5:23  Photon Cannon  
  45  5:24  Photon Cannon  
  45  5:26  Photon Cannon  
  45  5:28  Probe  
  46  5:40  Probe  
  47  5:46  Stalker  
  47  5:48  Stalker  
  47  5:49  Stalker  
  53  5:50  Stalker  
  53  5:51  Stalker  
  53  5:52  Probe  
  58  6:30  Photon Cannon  
  58  6:32  Photon Cannon  
  58  6:35  Photon Cannon  
  58  6:36  Photon Cannon  
  58  6:42  Photon Cannon  
  58  6:49  Photon Cannon  
  58  6:52  Photon Cannon  
  58  6:58  Photon Cannon  
  58  7:00  Photon Cannon  
  58  7:07  Photon Cannon  
  58  7:14  Photon Cannon  
  58  8:06  Fleet Beacon  
  58  8:10  Twilight Council  
  58  8:19  Gateway  
  58  8:21  Gateway  
  58  8:26  Photon Cannon  
  58  8:37  Pylon  
  58  8:44  Pylon  
  58  8:54  Charge  
  58  9:02  Robotics Facility  
  58  9:06  Dark Shrine  
  58  9:09  Templar Archives  
  58  9:48  Psionic Storm  
  58  9:58  Observer  
  59  10:05  Stalker  
  61  10:13  High Templar  
  61  10:14  High Templar x2  
  65  10:15  High Templar  
  69  10:37  Robotics Bay  
  69  10:47  Photon Cannon  
  69  10:50  Pylon  
  69  10:53  Pylon  
  69  11:05  Archon  
  69  11:08  Archon  
  69  11:23  Photon Cannon  
  69  11:28  Photon Cannon  
  69  11:31  Photon Cannon  
  69  11:39  Pylon  
  69  11:44  Protoss Ground Weapons Level 2, Pylon  
  69  12:01  Protoss Air Armor Level 1  
  69  12:02  Stargate  
  69  13:26  High Templar  
  75  13:27  High Templar x2  
  75  13:38  High Templar  
  77  13:55  Warp Gate  
  77  14:18  Protoss Ground Armor Level 1  
  77  14:32  Archon  
  77  14:46  Stargate  
  77  14:48  Stargate  
  77  15:02  Archon  
  77  15:52  Protoss Air Weapons Level 2  
  77  16:24  Photon Cannon  
  77  16:26  Photon Cannon, Protoss Ground Weapons Level 3  
  77  16:29  Photon Cannon  
  77  16:32  Photon Cannon  
  77  16:35  Photon Cannon  
  77  16:48  Carrier  
  77  16:49  Carrier  
  89  18:29  Carrier  
  89  18:31  Carrier  
  101  18:47  Pylon  
  101  18:52  Pylon  
  101  18:56  Pylon  
  101  19:00  Pylon  
  101  19:03  Pylon  
  101  19:11  Pylon x2  
  101  19:14  Pylon  
  101  19:16  Pylon  
  101  19:23  Pylon  
  101  19:27  Pylon  
  101  19:29  Pylon  
  101  19:30  Pylon  
  101  19:33  Pylon  
  101  19:36  Pylon  
  101  19:50  Colossus  
  107  20:15  Gravitic Boosters  
  107  20:44  Observer  
  108  21:04  Colossus  
Show
View Real Time Build Order
Export as new Build Order

JimRain Zerg 

Build Orders: Pool First, Lurkers 

Get SALT Encoding   

  12  0:32  Drone x2  
  12  0:34  Spawning Pool, Overlord  
  13  0:52  Drone  
  14  0:58  Overlord  
  14  1:06  Drone  
  14  1:07  Extractor  
  14  1:22  Queen  
  14  1:23  Drone  
  17  1:39  Hatchery  
  16  1:42  Drone  
  16  1:44  Drone  
  18  1:50  Drone  
  19  1:58  Extractor  
  18  2:03  Drone  
  19  2:10  Overlord  
  19  2:25  Lair  
  19  2:26  Drone  
  20  2:34  Drone x2  
  20  2:35  Drone  
  23  2:39  Drone  
  24  2:54  Drone  
  24  2:57  Drone  
  26  3:03  Drone x2  
  26  3:04  Metabolic Boost  
  28  3:14  Spine Crawler, Spore Crawler  
  26  3:20  Drone x2  
  26  3:21  Drone  
  26  3:24  Drone  
  30  3:27  Drone  
  31  3:34  Drone x2  
  33  3:43  Hydralisk Den  
  32  3:48  Overlord  
  32  3:50  Drone x2  
  34  3:59  Overlord  
  34  4:22  Lurker Den  
  33  4:30  Zergling x14  
  33  4:31  Zergling x4  
  42  4:42  Infestation Pit  
  41  4:48  Evolution Chamber  
  41  5:00  Drone x2  
  41  5:01  Baneling Nest  
  41  5:02  Spore Crawler  
  40  5:11  Overlord  
  40  5:12  Drone x2  
  40  5:13  Spire  
  41  5:42  Hydralisk x4  
  43  5:44  Hydralisk x2  
  52  5:53  Zergling x6  
  55  6:07  Zergling x8  
  59  6:17  Lurker x2  
  61  6:23  Queen  
  61  6:24  Drone x2  
  65  6:31  Overlord  
  65  6:33  Overlord  
  65  7:01  Overseer  
  65  7:04  Lurker x2  
  67  7:09  Drone x3  
  67  7:10  Drone x3  
  73  7:32  Hatchery  
  73  7:33  Drone x4  
  73  7:34  Drone  
  77  7:48  Lurker x2  
  79  8:01  Zergling x6  
  79  8:02  Zergling x4  
  84  8:14  Hatchery  
  84  8:18  Overlord x4  
  83  8:44  Evolution Chamber  
  83  8:47  Evolution Chamber  
  81  8:53  Overseer  
  81  8:58  Hatchery  
  81  8:59  Drone x2  
  81  9:00  Drone x4  
  86  9:13  Pneumatized Carapace  
  86  9:16  Burrow  
  86  9:30  Overlord x3  
  86  9:53  Overlord  
  86  9:54  Overlord x3  
  86  9:55  Drone x3  
  89  10:20  Spore Crawler  
  88  10:23  Spore Crawler  
  88  10:26  Spore Crawler x3  
  84  10:30  Spore Crawler  
  83  10:38  Spore Crawler x3  
  79  11:10  Roach Warren  
  78  11:18  Spore Crawler  
  77  11:19  Spore Crawler  
  77  11:20  Spore Crawler  
  77  11:21  Hive  
  77  11:22  Spore Crawler  
  74  11:26  Hydralisk x4  
  74  11:29  Hydralisk  
  84  11:39  Zerg Missile Weapons Level 1  
  84  11:51  Overseer  
  117  12:54  Drone x2  
  117  12:56  Drone  
  117  12:57  Drone x5  
  125  13:10  Zerg Ground Armor Level 1  
  125  13:27  Spore Crawler x2  
  125  13:29  Spore Crawler  
  125  13:31  Spore Crawler x2  
  120  13:36  Spore Crawler  
  120  13:37  Overlord  
  119  14:03  Spore Crawler  
  119  14:04  Spore Crawler  
  119  14:05  Spore Crawler x3  
  114  14:12  Nydus Network  
  113  14:35  Zergling x8  
  113  14:36  Zergling x12  
  113  14:37  Zergling x4  
  125  15:05  Grooved Spines  
  125  15:19  Spore Crawler  
  125  15:21  Spore Crawler  
  123  15:23  Spore Crawler  
  123  15:25  Spore Crawler  
  121  15:31  Spore Crawler  
  121  15:34  Overlord  
  121  15:35  Overlord x2  
  120  15:52  Overseer  
  120  16:05  Zerg Missile Weapons Level 2  
  120  16:06  Zerg Ground Armor Level 2  
  120  16:07  Zerg Melee Weapons Level 1  
  120  16:16  Muscular Augments  
  120  17:26  Overseer  
  120  17:31  Zergling x10  
  120  17:32  Zergling x10  
  120  17:33  Zergling x12  
  120  17:34  Zergling x10  
  120  17:35  Zergling x10  
  146  18:04  Centrifical Hooks  
  146  18:24  Baneling x3  
  146  18:25  Baneling x23  
  146  19:00  Nydus Canal  
  145  19:33  Nydus Canal  
  95  20:48  Corruptor x5  
  95  20:49  Corruptor  
  101  21:24  Zergling x2  
  101  21:25  Zergling x30  
  112  21:26  Zergling x18  
  126  21:47  Adrenal Glands  
  126  21:53  Zergling x2  
  126  21:54  Zergling x14  
  140  22:16  Drone  
  140  22:17  Drone  
  140  22:22  Zergling x12  
  148  22:23  Zergling x4  
  150  22:38  Corruptor  
  150  22:41  Corruptor  
  154  23:09  Spore Crawler  
  154  23:11  Spore Crawler  
  152  23:13  Drone  
  152  23:14  Drone x6  
  159  23:31  Queen  
  161  23:40  Spore Crawler x2  
  159  23:43  Spore Crawler  
  158  23:52  Spore Crawler x2  
  156  23:58  Spore Crawler  
  156  24:01  Spore Crawler  
  154  24:40  Corruptor x4  
  129  26:12  Nydus Canal  
  94  28:33  Drone  
  90  28:37  Drone  
  78  28:50  Hatchery  
  68  29:54  Drone x20  
  68  30:47  Overlord x3  
Tags
 
Add a new tag
Caveats
  • Supply blocks, unpowered buildings, or Contaminate may cause inaccurate times.
  • Supply counts are checked every 10 seconds.